 Dungeon Crawl Stone Soup version bcrawl-1.23 (webtiles) character file.

Game seed: 18149403890216478170

116 Morbidden the Ducker (level 4, -1/36 HPs)
             Began as a Draconian Archaeologist on May 30, 2020.
             Slain by a worker ant (7 damage)
             ... on level 4 of the Dungeon.
             The game lasted 00:04:36 (3790 turns).

Morbidden the Ducker (Draconian Archaeologist)      Turns: 3790, Time: 00:04:37

Health: -1/36      AC:  8    Str: 14    XL:     4   Next: 70%
Magic:  4/4        EV: 13    Int: 20    God:
Gold:   154        SH:  0    Dex:  9    Spells: 3/3 levels left

rFire    . . .     SeeInvis .     - Unarmed
rCold    . . .     Gourm    .   (no shield)
rNeg     . . .     Faith    .   (armour unavailable)
rPois    .         Spirit   .   b - +1 hat
rElec    +         Reflect  .   (no cloak)
rCorr    .         Harm     .   (no gloves)
MR       +....                  c - +1 pair of boots
Stlth    ++........             (no amulet)
HPRegen  0.12/turn              a - ring of protection from magic
MPRegen  0.09/turn              l - ring of insulation

@: brilliant, lethally poisoned (-1 -> -3), swift (expiring), flying (expiring),
starving, hasted, very quick
A: unfitting armour, cold-blooded, AC +5
a: no special abilities


You were on level 4 of the Dungeon.
You were starving.

You visited 1 branch of the dungeon, and saw 4 of its levels.

You collected 154 gold pieces.

Inventory:

Armour
 b - a +1 hat (worn)
 c - a +1 pair of boots (worn)
Jewellery
 a - a ring of protection from magic (left hand)
 l - a ring of insulation (right hand)
Scrolls
 d - 3 scrolls of magic mapping
 g - 2 scrolls of immolation
 h - 2 scrolls of teleportation
 o - a scroll of fog {unknown}
 q - 2 scrolls of identify {unknown}
Potions
 m - a potion of flight
Miscellaneous
 f - a dusty tome
Comestibles
 e - 4 rations {!d}


   Skills:
 * Level 2.1 Fighting
   Level 1.0 Maces & Flails
 * Level 3.6 Dodging
 - Level 3.0 Stealth
 * Level 3.0 Unarmed Combat


You had 3 spell levels left.
You didn't know any spells.
Your spell library was empty.

Dungeon Overview and Level Annotations

Branches:
Dungeon (4/12)
 Temple: D:4-7

Altars:


Innate Abilities, Weirdness & Mutations

Your plain brown scales are hard. (AC +5)
You cannot fit into any form of body armour.
You are cold-blooded and may be slowed by cold attacks.


Message History

The worker ant is severely wounded.
You feel sick.
You hit the worker ant but do no damage.
The worker ant is severely wounded.
The worker ant completely misses you.
You closely miss the worker ant.
The worker ant is severely wounded.
The worker ant bites you.
* * * LOW HITPOINT WARNING * * *
You don't know any spells.
Sorry, you're not good enough to have a special ability.
Unknown command.
Evoke which item? (* to show all) (? for menu, Esc to quit)
Okay, then.
Okay, then.
You completely miss the worker ant.
The worker ant is severely wounded.
You start to feel a little slower.
The worker ant bites you!
You die...

#####
##.$.##
##.....##
#.......#
#..@a...+
#.......#
##.....##
##...##
#####


You could see a worker ant.

Vanquished Creatures
  Jessica (D:3)
  2 adders (D:3)
  4 worms
  5 dart slugs
  2 leopard geckos
  A ball python (D:1)
  A giant cockroach (D:3)
  7 goblins
  5 hobgoblins
  3 kobolds
  A quokka (D:3)
  12 bats
  4 frilled lizards
  3 rats
51 creatures vanquished.

Notes
Turn   | Place    | Note
-------+----------+-------------------------------------------
     0 | D:1      | Morbidden the Draconian Archaeologist began the quest for
                  | the Orb.
     0 | D:1      | Reached XP level 1. HP: 16/16 MP: 1/1
   406 | D:1      | Reached XP level 2. HP: 7/23 MP: 2/2
   916 | D:1      | Reached skill level 1 in Unarmed Combat
  1489 | D:2      | Reached XP level 3. HP: 29/29 MP: 3/3
  3070 | D:3      | Reached XP level 4. HP: 36/36 MP: 4/4
  3265 | D:3      | Noticed Jessica
  3284 | D:3      | Killed Jessica
  3693 | D:4      | Noticed a hungry ghost
  3790 | D:4      | Slain by a worker ant

Skill      XL: |  1  2  3  4 |
---------------+-------------+-----
Dodging        | 3 |  3.6
Unarmed Combat | 1 2 3 |  3.0
Fighting       | 2 |  2.1
Maces & Flails | |  1.0
Stealth        | |  3.0

Action                   |  1- 3 |  4- 6 || total
-------------------------+-------+-------++-------
Melee: Unarmed           |   286 |   113 ||   399
       Tailslap          |    25 |     4 ||    29
       Punch             |       |     3 ||     3
  Use: Potion            |       |     7 ||     7
       Scroll            |       |     2 ||     2
 Stab: Sleeping          |     6 |       ||     6
  Eat: Chunk             |     7 |     3 ||    10
Armor: Skin              |   124 |    34 ||   158
Dodge: Dodged            |   213 |    81 ||   294
